 Dungeon Crawl Stone Soup version 0.29.1-12-g30fa7ad0bf (webtiles) character file.

Game seed: 5938248556348183962

34753 RapScallion the Severer (level 14, -1/114 HPs)
             Began as a Human Fighter on Jan 15, 2023.
             Was a High Priest of Trog.
             Slain by a manticore (16 damage)
             ... summoned by Kirke
             ... on level 3 of the Lair of Beasts.
             The game lasted 01:17:43 (19893 turns).

RapScallion the Severer (Human Fighter)            Turns: 19893, Time: 01:17:44

Health: -1/114     AC:  0    Str: 21    XL:     14   Next: 14%
Magic:  0/14       EV: 14    Int:  9    God:    Trog [*****.]
Gold:   894        SH:  0    Dex: 13    Spells: 13/13 levels left

rFire   . . .      SeeInvis .   (weapon currently unavailable)
rCold   + + .      Faith    .   (shield currently unavailable)
rNeg    . . .      Spirit   +   (body armour currently unavailable)
rPois   .          Reflect  .   (helmet currently unavailable)
rElec   .          Harm     .   (cloak currently unavailable)
rCorr   .          Rampage  .   (gloves currently unavailable)
Will    +....                   (boots currently unavailable)
Stlth   ++........              C - amulet of Vyfal {Spirit rC++ Regen+}
HPRegen 1.09/turn               (ring currently unavailable)
MPRegen 0.14/turn               (ring currently unavailable)

@: pig-form, slowed
A: fast, no casting, small
a: Renounce Religion, Berserk, Trog's Hand, Brothers in Arms


You were on level 3 of the Lair of Beasts.
You worshipped Trog.
Trog was extremely pleased with you.
You were a filthy swine.
You visited 2 branches of the dungeon, and saw 14 of its levels.
You also visited: Ossuary.

You collected 1044 gold pieces.
You spent 150 gold pieces at shops.

Inventory:

Hand Weapons
 i - a +6 war axe of freezing
 F - a +2 executioner's axe of flaming (melded)
Missiles
 t - 2 throwing nets (quivered)
Armour
 c - a +0 buckler
 k - a +0 pair of gloves (melded)
 q - a +1 pair of boots (melded)
 E - +2 acid dragon scales (melded)
Jewellery
 e - a ring of ice
 g - the amulet "Niaqoets" {Faith rPois}
   (You acquired it on level 1 of the Lair of Beasts)

   [amulet of faith]

   It allows you to gain divine favour quickly.
   rPois:     It protects you from poison.
 m - a ring of fire
 n - a ring of ice
 s - a +6 ring of strength (melded)
 y - a +4 ring of evasion (melded)
 C - the amulet of Vyfal (around neck) {Spirit rC++ Regen+}
   (You found it on level 1 of the Lair of Beasts)

   [amulet of guardian spirit]

   It causes incoming damage to be divided between your reserves of health and
   magic.
   rC:        It greatly protects you from cold.
   Regen:     It increases your rate of health regeneration.
Wands
 p - a wand of polymorph (5)
 r - a wand of roots (19)
 w - a wand of flame (42)
 B - a wand of charming (15)
 G - a wand of digging (3)
Scrolls
 b - a scroll of fog
 u - 7 scrolls of teleportation
 v - a scroll of magic mapping
 K - a scroll of torment
Potions
 a - a potion of ambrosia
 d - 5 potions of might
 f - a potion of berserk rage
 h - 12 potions of curing
 j - a potion of magic
 l - 4 potions of lignification
 o - a potion of heal wounds
 x - 2 potions of resistance
 z - a potion of degeneration {unknown}
 A - 3 potions of mutation {unknown}
 D - a potion of brilliance {unknown}
 H - a potion of flight {unknown}
 I - 2 potions of cancellation {unknown}
 J - a potion of attraction {unknown}
Miscellaneous
 L - a phial of floods


   Skills:
 + Level 11.7 Fighting
 + Level 17.6 Axes
 + Level 8.9 Armour
 - Level 1.1 Dodging
 - Level 1.2 Stealth
 + Level 6.3 Shields
 + Level 0.7 Evocations


You had 13 spell levels left.
You didn't know any spells.
Your spell library was empty.

Dungeon Overview and Level Annotations

Branches:
Dungeon (11/15)            Temple (0/1) D:5            Lair (3/5) D:8
  Swamp (0/4) Lair:3       Spider (0/4) Lair:2          Orc (0/2) D:10
Ossuary (visited)

Altars:
Dithmenos
Gozag
Kikubaaqudgha
Makhleb
Nemelex Xobeh
Qazlal
Sif Muna
Trog
Vehumet
Wu Jian
Yredelemnul

Shops:
D:4 *   D:6 !

Annotations:
D:9 3 runed translucent doors, SirLogeyBear's ghost, novice HOBe
Lair:3 Kirke


Message History

You closely miss something. Something hits you.
You hear some strange, mumbled words.
Something tries to affect you, but you resist.
You barely miss something. Something barely misses you.
You miss something. Something hits you but does no damage.
You hear some strange, mumbled words.
Something summons a manticore!
You completely miss something. Something hits you.
The manticore flicks its tail.
The volley of spikes hits something!
You chop something into pieces!!! You burn something.
You hear some strange, mumbled words.
Something summons a lindwurm!
Something hits you.
The manticore flicks its tail.
The volley of spikes hits something!
You slash something! You burn something. Something hits you!
You barely miss something. You barely miss the lindwurm.
You slash the manticore! You burn the manticore. Something hits you.
The manticore closely misses you. The manticore claws you. x2
The lindwurm breathes flames at you. The blast of flame hits you!!
* * * LOW HITPOINT WARNING * * *
You hear some strange, mumbled words.
You turn into a filthy swine.
Your +2 executioner's axe of flaming melds into your body.
Your +0 pair of gloves melds into your body.
Your +1 pair of boots melds into your body.
Your +2 acid dragon scales melds into your body.
Your +6 ring of strength melds into your body.
Your +4 ring of evasion melds into your body.
Your +2 executioner's axe of flaming stops flaming.
You feel weaker. The lindwurm misses you. The lindwurm barely misses you.
The lindwurm claws you.
* * * LOW HITPOINT WARNING * * *
The manticore barely misses you. The manticore misses you.
The manticore claws you!
* * * LOW HITPOINT WARNING * * *
The manticore attacks as you move away! The manticore bites you!!
You die...

### ## ###.#### #####
###P##H####..#...###..#.
......†h................
....(.†k.##.........§§§.
.....##..###.......PP.§§
.... ..... #.......P.§♣~
... h##....#........#.§♣
..h. #...##.......##§§§
. . ....##........#.§♣
..............#..§
##.........#...


You could see a manticore (summoned) and a lindwurm (summoned, catching breath).

Vanquished Creatures
  Fannar (Lair:3)
  4 hydras
  2 boulder beetles
  4 two-headed ogres
  A skeletal warrior (D:9)
  A bog body (Lair:3)
  6 elephants
  3 black mambas
  4 cane toads
  Maggie (D:7)
  A spectral unseen horror (D:9)
  3 komodo dragons
  2 trolls
  A hornet (D:11)
  11 blink frogs
  A dream sheep (Lair:2)
  2 wraiths (D:9)
  5 wyverns
  6 basilisks
  2 vampires
  53 yaks
  6 hogs (Lair:3)
  A steam dragon (Lair:1)
  Menkaure (D:7)
  7 water moccasins
  2 orc warriors
  4 black bears
  3 ice beasts
  2 ogres
  24 wolves
  2 centaurs
  A phantom (D:6)
  2 kobold brigands
  A necrophage (D:6)
  11 bullfrogs
  2 gnoll sergeants
  9 scorpions
  7 wights
  A water moccasin zombie (Ossuary)
  13 killer bees
  An electric eel (Lair:2)
  2 howler monkeys
  2 hounds (D:5)
  2 jellies
  10 orc priests
  Natasha (D:2)
  2 gnoll boudas
  Jessica (D:2)
  Ijyb (D:5)
  17 orc wizards
  5 iguanas
  2 centaur simulacra (D:9)
  3 mummies
  A spectral howler monkey (D:9)
  18 gnolls
  6 adders
  2 shadow imps (D:5)
  2 white imps
  3 adder zombies (Ossuary)
  6 worms
  4 dart slugs
  61 orcs
  10 endoplasms
  3 giant cockroaches
  5 gnoll zombies (Ossuary)
  8 goblins
  4 hobgoblins
  A jackal (D:5)
  10 kobolds
  2 quokkas
  3 ball pythons
  5 bats
  3 frilled lizards
  7 hobgoblin zombies
  4 kobold zombies (Ossuary)
  5 orc zombies
  6 rats
441 creatures vanquished.

Vanquished Creatures (others)
  8 fungi
  8 plants
  17 withered plants (D:9)
33 creatures vanquished.

Grand Total: 474 creatures vanquished

Notes
Turn   | Place    | Note
-------+----------+-------------------------------------------
     0 | D:1      | RapScallion the Human Fighter began the quest for the Orb.
     0 | D:1      | Reached XP level 1. HP: 18/18 MP: 1/1
   291 | D:1      | Reached XP level 2. HP: 23/24 MP: 2/2
   504 | D:1      | Reached XP level 3. HP: 5/29 MP: 3/3
  1357 | D:1      | Identified a scroll of acquirement
  1357 | D:1      | Acquired a +3 war axe of freezing
  1995 | D:2      | Reached XP level 4. HP: 35/35 MP: 4/4
  2119 | D:2      | Noticed Natasha
  2126 | D:2      | Killed Natasha
  2260 | D:2      | Reached skill level 3 in Axes
  2367 | D:2      | Noticed Jessica
  2374 | D:2      | Killed Jessica
  2375 | D:2      | Reached XP level 5. HP: 41/41 MP: 5/5
  2531 | D:3      | Found a shadowy altar of Dithmenos.
  2759 | D:3      | Found a faded altar of an unknown god.
  2832 | D:3      | Found a stormy altar of Qazlal.
  2833 | D:3      | Found a basalt altar of Yredelemnul.
  3363 | D:4      | Found a bloodstained altar of Trog.
  3385 | D:4      | Found an ornate altar of the Wu Jian Council.
  3388 | D:4      | Noticed an ogre
  3402 | D:4      | Became a worshipper of Trog the Wrathful
  3408 | D:4      | Killed an ogre
  3409 | D:4      | Reached skill level 4 in Axes
  3409 | D:4      | Reached XP level 6. HP: 17/47 MP: 6/6
  3845 | D:4      | Found Ymogioc's Serpentskin Sales.
  3845 | D:4      | Noticed a water moccasin
  3845 | D:4      | Noticed a water moccasin
  3846 | D:4      | Noticed a water moccasin
  3848 | D:4      | Noticed a black bear
  3852 | D:4      | Killed a water moccasin
  3853 | D:4      | Reached skill level 5 in Axes
  3853 | D:4      | Reached skill level 1 in Stealth
  3853 | D:4      | Reached XP level 7. HP: 32/53 MP: 7/7
  4000 | D:4      | Found a shimmering blue altar of Sif Muna.
  4060 | D:4      | Killed a water moccasin
  4079 | D:4      | Reached skill level 1 in Dodging
  4123 | D:4      | Killed a water moccasin
  4124 | D:4      | Reached skill level 6 in Axes
  4124 | D:4      | Reached XP level 8. HP: 37/61 MP: 8/8
  4693 | D:5      | Entered Level 5 of the Dungeon
  4785 | D:5      | Noticed Ijyb
  4792 | D:5      | Killed Ijyb
  4792 | D:5      | Reached * piety under Trog
  5120 | D:5      | Found an opulent altar of Gozag.
  5285 | D:5      | Found a staircase to the Ecumenical Temple.
  5679 | D:5      | Reached skill level 7 in Axes
  5679 | D:5      | Reached skill level 5 in Armour
  5705 | D:5      | Reached skill level 5 in Fighting
  6281 | D:5      | Reached XP level 9. HP: 68/68 MP: 9/9
  6466 | D:6      | Reached skill level 8 in Axes
  7063 | D:6      | Found a radiant altar of Vehumet.
  7097 | D:6      | You fall into a shaft and drop 1 floor!
  7125 | D:7      | Reached ** piety under Trog
  7148 | D:7      | Noticed Maggie
  7178 | D:7      | Killed Maggie
  7179 | D:7      | Reached skill level 9 in Axes
  7314 | D:7      | Noticed Menkaure
  7332 | D:7      | Killed Menkaure
  7498 | D:7      | Found a sand-covered staircase.
  7506 | Ossuary  | Entered an ossuary
  7594 | Ossuary  | Reached XP level 10. HP: 71/76 MP: 10/10
  7884 | D:6      | Reached *** piety under Trog
  7904 | D:6      | Found Luehin's Distillery.
  7916 | D:6      | Bought a potion of heal wounds for 75 gold pieces
  7916 | D:6      | Bought a potion of heal wounds for 75 gold pieces
  8106 | D:7      | Reached skill level 10 in Axes
  8945 | D:8      | Noticed an elephant
  8958 | D:8      | Found a staircase to the Lair.
  9443 | D:8      | Noticed a two-headed ogre
  9455 | D:8      | Killed a two-headed ogre
  9706 | D:8      | Found an ancient bone altar of Kikubaaqudgha.
  9731 | D:8      | Reached skill level 11 in Axes
  9751 | D:8      | Reached skill level 5 in Shields
 10365 | D:8      | Reached XP level 11. HP: 79/84 MP: 11/11
 10404 | D:8      | Killed an elephant
 11076 | D:9      | Reached **** piety under Trog
 11093 | D:8      | Reached skill level 12 in Axes
 11638 | D:9      | Found a sparkling altar of Nemelex Xobeh.
 11756 | D:9      | Noticed a skeletal warrior
 12243 | D:9      | Noticed a boulder beetle
 12318 | D:9      | Killed a boulder beetle
 12525 | D:9      | Found a burning altar of Makhleb.
 12690 | D:9      | Reached skill level 13 in Axes
 13137 | D:9      | Found the +4 dagger "Morg" {pain, Will+ Int+5}
 13265 | D:9      | Found a runed translucent gate.
 13265 | D:9      | Noticed a boulder beetle
 13267 | D:9      | Found a runed translucent gate.
 13268 | D:9      | Found a runed translucent gate.
 13268 | D:9      | Noticed SirLogeyBear's ghost (novice HOBe)
 13269 | D:9      | Noticed a cyan ugly thing
 13269 | D:9      | Noticed a two-headed ogre
 13291 | D:9      | Killed a skeletal warrior
 13729 | D:10     | Entered Level 10 of the Dungeon
 13790 | D:10     | Found a staircase to the Orcish Mines.
 13798 | D:10     | Reached XP level 12. HP: 86/95 MP: 12/12
 13903 | D:10     | Noticed a two-headed ogre
 13906 | D:10     | Reached ***** piety under Trog
 13913 | D:10     | Killed a two-headed ogre
 14148 | D:10     | Acquired a +1 executioner's axe of electrocution
 14183 | D:10     | Noticed a two-headed ogre
 14193 | D:10     | Killed a two-headed ogre
 14943 | D:11     | Reached skill level 14 in Axes
 15096 | D:11     | Noticed a two-headed ogre
 15114 | D:11     | Killed a two-headed ogre
 15294 | D:11     | Paralysed by a hornet for 2 turns
 16018 | Lair:1   | Entered Level 1 of the Lair of Beasts
 16378 | Lair:1   | Acquired the amulet "Niaqoets" {Faith rPois}
 16431 | Lair:1   | Reached skill level 10 in Fighting
 16885 | Lair:1   | Reached skill level 15 in Axes
 16962 | Lair:1   | Identified the amulet of Vyfal {Spirit rC++ Regen+}
 17118 | Lair:1   | Reached XP level 13. HP: 53/103 MP: 13/13
 18294 | Lair:2   | Reached skill level 16 in Axes
 18706 | Lair:2   | Noticed a boulder beetle
 18715 | Lair:2   | Killed a boulder beetle
 18811 | Lair:2   | Found a hole to the Spider Nest.
 19006 | Lair:2   | Reached skill level 17 in Axes
 19324 | Lair:2   | Noticed a four-headed hydra
 19331 | Lair:2   | Killed a one-headed hydra
 19522 | Lair:2   | Noticed a seven-headed hydra
 19535 | Lair:2   | Killed a three-headed hydra
 19582 | Lair:2   | Noticed an eight-headed hydra
 19591 | Lair:2   | Killed a four-headed hydra
 19726 | Lair:3   | Reached XP level 14. HP: 113/113 MP: 12/14
 19816 | Lair:3   | Noticed Fannar
 19821 | Lair:3   | Killed Fannar
 19843 | Lair:3   | Found a staircase to the Swamp.
 19874 | Lair:3   | Noticed Kirke
 19893 | Lair:3   | Slain by a manticore

Illustrated notes

Levels and vault maps discovered:
D:1:      dpeg_arrival_tiny_i, layout_basic
D:2:      layout_basic, minmay_misc_feat_encased, uniq_jessica, uniq_natasha
D:3:      layout_rooms, overflow_temple_1_default,
          mainiacjoe_overflow_divided_tiny, hellmonk_ecumenical_altar_crossroads
D:4:      layout_basic, mainiacjoe_overflow_surrounded_room,
          mainiacjoe_overflow_catwalk, lemuel_coloured_pillars_altar,
          guppyfry_shop_venom
D:5:      layout_basic, nicolae_gozag_seed_capital,
          minmay_temple_entry_stoned_glass, minmay_pentangle, uniq_ijyb
D:6:      layout_rooms, vehumet_altar_wand_db, serial_shops, nicolae_shop_stone
D:7:      layout_rooms, nicolae_ossuary_entry_giza, uniq_menkaure, uniq_maggie
D:8:      layout_gridville, mainiacjoe_overflow_chevrons, david_lair_generic,
          st_stairs_6
D:9:      layout_basic, lightli_temple_of_fire, amcnicky_altar_gilded,
          gammafunk_ghost_split, dilly_guarded_unrand_morg
D:10:     layout_gridville, hiddenorc2_lemuel
D:11:     layout_irregular_city, kennysheep_generic_room_12
Lair:1:   layout_regular_city
Lair:2:   nzn_winding_woodlands_medium [nzn_winding_woodlands_5x5_default,
          nzn_winding_woodlands_5x15_longhouse,
          nzn_winding_woodlands_5x5_perimeter,
          nzn_winding_woodlands_5x5_closed_star,
          nzn_winding_woodlands_center_triple_pond,
          nzn_winding_woodlands_5x5_three,
          nzn_winding_woodlands_5x5_checkerboard,
          nzn_winding_woodlands_5x15_zeroes, nzn_winding_woodlands_5x5_cross],
          layout_regular_city, nicolae_spider_entry_non_spiders,
          grunt_forest_large_clearings, infiniplex_staircase_pool
Lair:3:   layout_regular_city, skrybe_swamp_entry_bodies, uniq_kirke,
          uniq_fannar

Skill      XL: |  1  2  3  4  5  6  7  8  9 10 11 12 13 |
---------------+----------------------------------------+-----
Axes           | 3 4 5 6 7 9 11 13 15 17 | 17.6
Armour         | 4 5 6 7 8 |  8.9
Stealth        | 1 |  1.2
Fighting       | 4 5 6 7 9 10 11 | 11.7
Dodging        | 1 |  1.1
Shields        | 4 5 6 |  6.3
Evocations     | |  0.7

Action                   |  1- 3 |  4- 6 |  7- 9 | 10-12 | 13-15 || total
-------------------------+-------+-------+-------+-------+-------++-------
Melee: War axe           |    75 |    65 |   246 |   366 |       ||   752
       Executioner's axe |       |       |       |   119 |   222 ||   341
Invok: Trog's Hand       |       |       |     3 |    12 |     3 ||    18
       Berserk           |       |       |       |     1 |       ||     1
Evoke: Wand              |       |       |       |       |     2 ||     2
  Use: Scroll            |     5 |     7 |     2 |    21 |       ||    35
       Potion            |       |       |     2 |     5 |     2 ||     9
 Stab: Sleeping          |       |       |       |     1 |       ||     1
Armor: Scale mail        |    29 |    32 |   130 |    10 |       ||   201
       Acid dragon scale |       |       |       |   163 |   130 ||   293
Dodge: Dodged            |    43 |    27 |   103 |   313 |   259 ||   745
Block: Buckler           |    13 |    12 |    44 |   100 |       ||   169
